Map: Submarine LE

Players

A.I. 1 (Medium) - Winner!

  • Race: Zerg Zerg
  • Spawn Location: 5:00

PiLiPiLi

  • Race: Protoss Protoss
  • League: Master
  • Spawn Location: 11:00

VOD

Have the link to the VOD?

Description

Time

  • Played on: Oct. 2, 2020, 3:10 a.m.
  • Length: 4:29
Show
View Real Time Build Order
Export as new Build Order

A.I. 1 (Medium) Zerg - Winner!

Build Orders: 1 Base Baneling Bust, Pool Only 

Get SALT Encoding   

  12  0:00  Drone  
  13  0:12  Overlord  
  13  0:16  Drone  
  14  0:30  Drone  
  14  0:33  Drone  
  16  0:43  Spawning Pool  
  16  0:44  Drone  
  16  0:48  Drone  
  17  0:52  Extractor  
  17  0:55  Drone  
  17  1:06  Overlord  
  17  1:29  Queen  
  17  1:31  Zergling x2  
  20  1:35  Roach Warren  
  20  1:37  Extractor  
  20  1:38  Drone  
  19  1:45  Zergling x2  
  20  1:49  Drone  
  21  2:00  Drone  
  22  2:10  Overlord  
  22  2:21  Roach  
  24  2:32  Drone  
  24  2:36  Overlord, Roach  
  27  2:41  Drone  
  28  2:45  Drone  
  28  2:51  Ravager  
  30  2:54  Roach  
  32  3:05  Drone, Baneling Nest  
  33  3:08  Drone, Roach  
  33  3:10  Drone  
  36  3:16  Drone  
  37  3:23  Ravager  
  38  3:27  Overlord  
  38  3:34  Evolution Chamber  
  38  3:38  Roach  
  39  3:42  Drone  
  40  3:52  Roach  
Show
View Real Time Build Order
Export as new Build Order

PiLiPiLi Protoss 

Build Orders: 1 Gate Expand 

Get SALT Encoding   

  12  0:00  Probe  
  13  0:12  Probe  
  14  0:18  Pylon  
  14  0:24  Probe  
  15  0:36  Probe (Chrono Boost)  
  15  0:38  Gateway  
  16  0:47  Probe (Chrono Boost)  
  16  0:48  Assimilator  
  17  0:52  Probe (Chrono Boost)  
  18  1:03  Probe  
  19  1:15  Probe  
  20  1:23  Nexus  
  20  1:32  Cybernetics Core  
  20  1:35  Probe  
  21  1:43  Assimilator  
  21  1:47  Probe  
  21  1:51  Pylon  
  22  1:59  Probe  
  23  2:06  Stalker (Chrono Boost)  
  23  2:09  Warp Gate  
  23  2:11  Probe  
  26  2:19  Twilight Council  
  26  2:24  Probe  
  26  2:29  Adept  
  29  2:35  Probe  
  29  2:36  Probe  
  31  2:44  Robotics Facility  
  31  2:47  Probe  
  31  2:50  Probe  
  33  2:55  Gateway  
  33  2:59  Probe, Resonating Glaives (Chrono Boost)  
  33  3:02  Probe  
  35  3:10  Adept  
  37  3:17  Gateway  
  37  3:21  Gateway  
  38  3:28  Warp Prism (Chrono Boost)  
  39  3:34  Probe  
  39  3:35  Probe  
  41  3:47  Pylon, Probe  
  42  3:58  Adept x2  
  46  4:17  Adept x2  
  46  4:18  Adept x2  
Tags
 
Add a new tag
Caveats
  • Supply blocks, unpowered buildings, or Contaminate may cause inaccurate times.
  • Supply counts are checked every 10 seconds.